 Dungeon Crawl Stone Soup version 0.28.0-53-g5a82cb258f (webtiles) character file.

Game seed: 17159652473019327036

166 mcbry74 the Chopper (level 5, 0/46 HPs)
             Began as a Hill Orc Fighter on July 21, 2022.
             Slain by Sigmund
             ... wielding a +0 scythe
              (6 damage)
             ... on level 3 of the Dungeon.
             The game lasted 00:05:18 (2389 turns).

mcbry74 the Chopper (Hill Orc Fighter)              Turns: 2389, Time: 00:05:19

Health: 0/46       AC:  9    Str: 21    XL:     5   Next: 47%
Magic:  5/5        EV:  9    Int:  8    God:
Gold:   93         SH:  0    Dex: 10    Spells: 4/4 levels left

rFire   . . .      SeeInvis .   a - +0 war axe
rCold   . . .      Faith    .   c - +0 buckler
rNeg    . . .      Spirit   .   b - +0 scale mail
rPois   .          Reflect  .   (no helmet)
rElec   .          Harm     .   (no cloak)
rCorr   .          Rampage  .   k - +1 pair of gloves {Stlth+}
Will    .....                   (no boots)
Stlth   ..........              (no amulet)
HPRegen 0.15/turn               (no ring)
MPRegen 0.09/turn               (no ring)

@: confused, mighty
A: no striking features
a: no special abilities


You were on level 3 of the Dungeon.
You visited 1 branch of the dungeon, and saw 3 of its levels.

You collected 93 gold pieces.

Inventory:

Hand Weapons
 a - a +0 war axe (weapon)
Missiles
 h - 6 javelins (quivered)
 m - 23 arrows
Armour
 b - a +0 scale mail (worn)
 c - a +0 buckler (worn)
 k - a +1 pair of gloves of stealth (worn)
Scrolls
 f - a scroll of identify {unknown}
 g - 2 scrolls of teleportation {unknown}
 j - a scroll of enchant armour {unknown}
 l - a scroll of immolation {unknown}
 n - a scroll of summoning {unknown}
Potions
 e - a potion of heal wounds {unknown}
 i - 2 potions of curing {unknown}
 o - a potion of mutation {unknown}
 p - 2 potions of degeneration {unknown}


   Skills:
 - Level 4.0 Fighting
 * Level 5.5 Axes
 + Level 4.3 Armour
 - Level 4.0 Shields


You had 4 spell levels left.
You didn't know any spells.
Your spell library contained the following spells:

 Spells                   Type           Power      Damage    Failure   Level
 Gell's Gravitas          Tloc           0%         N/A       99%         3
 Teleport Other           Tloc           0%         N/A       99%         3
 Tukima's Dance           Hex            0%         N/A       99%         3
 Passage of Golubria      Tloc           0%         N/A       100%        4
 Yara's Violent Unravell  Hex/Tmut       0%         3d3       100%        5
 Dispersal                Tloc           0%         N/A       100%        6


Dungeon Overview and Level Annotations

Branches:
Dungeon (3/15)

Altars:

Annotations:
D:3 Sigmund


Message History

Okay, then.
You feel very mighty all of a sudden.
Sigmund mumbles some strange words.
Sigmund flickers and vanishes!
Deactivating autopickup; reactivate with Ctrl-A.
You barely miss the kobold.
The kobold hits you with a +0 short sword.
You slash the kobold!
You kill the kobold!
Something hits you.
Things that are here:
a +0 short sword; a kobold corpse You miss something.
You hear some strange, mumbled words.
You are confused.
You bump into the rock wall.
Something completely misses you.
You miss something. Something hits you.
You closely miss something. Something hits you.
You're too confused to move!
You closely miss something. Something hits you!
You barely miss something.
You feel less confused. Something hits you!
You barely miss something.
You hear some strange, mumbled words.
A magic dart appears from out of thin air!
The magic dart hits you.
You barely miss something. Something hits you but does no damage.
You slash something! Something hits you but does no damage.
You slash something! Something hits you!
* * * LOW HITPOINT WARNING * * *
You miss something. You block something's attack.
You miss something. You slash something!
You hear some strange, mumbled words.
You are confused.
Something hits you but does no damage.
You bump into the rock wall.
You miss something. Something hits you.
You die...

#.# #.#
#.# #.#
#.# #.#
#.#
#.####.#
#...{@.#
########
#


There were no monsters in sight!

Vanquished Creatures
  2 orc priests (D:3)
  An adder (D:2)
  2 gnolls (D:1)
  A dart slug (D:1)
  7 orcs (D:3)
  4 ball pythons
  8 endoplasms
  2 giant cockroaches
  4 goblins
  3 hobgoblins (D:2)
  4 jackals (D:1)
  5 kobolds
  4 quokkas
  6 bats
  4 frilled lizards
  9 rats
66 creatures vanquished.

Notes
Turn   | Place    | Note
-------+----------+-------------------------------------------
     0 | D:1      | mcbry74 the Hill Orc Fighter began the quest for the Orb.
     0 | D:1      | Reached XP level 1. HP: 19/19 MP: 1/1
    29 | D:1      | Reached skill level 3 in Axes
    30 | D:1      | Reached XP level 2. HP: 21/27 MP: 2/2
   401 | D:1      | Reached XP level 3. HP: 19/33 MP: 3/3
   798 | D:1      | Reached skill level 4 in Axes
  1097 | D:2      | Reached XP level 4. HP: 40/40 MP: 4/4
  1577 | D:3      | Reached XP level 5. HP: 43/46 MP: 5/5
  1602 | D:3      | Found a faded altar of an unknown god.
  1728 | D:3      | Reached skill level 5 in Axes
  2369 | D:3      | Noticed Sigmund
  2389 | D:3      | Slain by Sigmund

Illustrated notes

Levels and vault maps discovered:
D:1:      saegor_arrival_simple_c, layout_basic
D:2:      layout_rooms
D:3:      minmay_roachtagon, layout_loops_cross,
          shapermc_ecumenical_altar_mp_highgroup, kennysheep_minor_cross,
          dk_noncrumbling_3, uniq_sigmund

Skill      XL: |  1  2  3  4  5 |
---------------+----------------+-----
Axes           | 3 4 5 |  5.5
Fighting       | 4 |  4.0
Armour         | 4 |  4.3
Shields        | 4 |  4.0

Action                   |  1- 3 |  4- 6 || total
-------------------------+-------+-------++-------
Melee: War axe           |    75 |   109 ||   184
  Use: Potion            |       |     1 ||     1
Armor: Scale mail        |    53 |    75 ||   128
Dodge: Dodged            |    37 |    54 ||    91
Block: Buckler           |    15 |    34 ||    49
